 Dungeon Crawl Stone Soup version 0.14-a0-1036-g6cac21b (webtiles) character file.

635 4tharraofdagon the Chopper (level 6, -5/47 HPs)
             Began as a Djinni Gladiator on Nov 24, 2013.
             Slain by a goliath beetle (25 damage)
             ... on Level 6 of the Dungeon.
             The game lasted 00:11:48 (2032 turns).

4tharraofdagon the Chopper (Djinni Gladiator)       Turns: 2032, Time: 00:11:48

HP  -5/47        AC  6     Str 18      XL: 6   Next: 62%
MP   0/0         EV 10     Int  8      God:
Gold 215         SH  0     Dex 13      Spells:  0 memorised,  5 levels left

Res.Fire  : + + +   See Invis. : .   r - +1,+0 orc war axe
Res.Cold  : x . .   Warding    : .   q - +0 orc ring mail
Life Prot.: + + +   Conserve   : .   (no shield)
Res.Poison: .       Res.Corr.  : .   c - +0 helmet (curse)
Res.Elec. : .       Clarity    : .   (no cloak)
Sust.Abil.: . .     Spirit.Shd : .   (no gloves)
Res.Mut.  : .       Stasis     : .   (boots unavailable)
Res.Rott. : .       Flight     : +   (no amulet)
Saprovore : . . .                    (no ring)
                                     (no ring)

@: flying, slightly resistant to hostile enchantments, very unstealthy
A: fire immunity, cold vulnerability, life protection 3
a: no special abilities


You were on level 6 of the Dungeon.
You were not hungry.

You visited 1 branch of the dungeon, and saw 7 of its levels.

You collected 215 gold pieces.

Inventory:

Hand weapons
 r - a +1,+0 orcish war axe (weapon)
Armour
 b - a +0 leather armour
 c - a cursed +0 helmet (worn)
 q - a +0 orcish ring mail (worn)
Scrolls
 e - 2 scrolls of blinking
 f - 5 scrolls of remove curse {unknown}
 g - 5 scrolls of identify
 j - 3 scrolls of fog
Jewellery
 l - an uncursed amulet of rage
Potions
 d - a potion of restore abilities
 p - a potion of cure mutation


   Skills:
 + Level 3.2 Fighting
 * Level 5.4 Axes
 - Level 1.7 Throwing
 + Level 3.3 Armour
 - Level 2.6 Dodging


You had 5 spell levels left.
You didn't know any spells.

Dungeon Overview and Level Annotations

Branches:
Dungeon (7/16)
 Temple: D:4-7

Altars:

Shops:
D:6 *=}=%

Annotations:
D:5 Grum
D:6 Fv001's ghost, experienced FoFi
D:7 Joseph


Innate Abilities, Weirdness & Mutations

You are immune to all types of fire, even holy and hellish.
You are vulnerable to cold.
You need no food.
You have no legs.
You are immune to negative energy.


Message History

Unknown command.
Unknown command.
Joseph unwields an uncursed quarterstaff.
Joseph wields a sling.
Joseph shoots a sling bullet.
The sling bullet hits you!
There is a stone staircase leading up here.
You see here a sling bullet.
There is a stone staircase leading up here.
You fly upwards.
Level annotation: Fv001's ghost, experienced FoFi The goliath beetle twitches its antennae in your direction.
There is a stone staircase leading down here.
Unknown command.
A bat comes into view.
Unknown command.
You closely miss the bat. The bat hits you but does no damage.
The bat completely misses you. The bat hits you but does no damage.
You closely miss the bat. The bat hits you but does no damage.
The goliath beetle bites you!
Ouch! That really hurt!
You die...

#+# #.#
#.# #.#
#b# #.#
#.# #@#
#B# ###.#
#..>#
#.###
##### #<#
....#
####'####
....#
#.......#
....#
+...B...#


You could see a goliath beetle and a bat.

Vanquished Creatures
  A giant frog (D:6)
  5 hounds
  A centaur skeleton (D:5)
  An ogre zombie (D:6)
  Ijyb (D:6)
  2 gnolls (D:5)
  7 adders
  2 giant mites
  A giant eyeball (D:6)
  4 giant geckos
  6 orcs
  2 ball pythons
  4 bats
  2 giant cockroaches
  3 goblins
  5 hobgoblins
  5 jackals
  4 kobolds
  3 rats
59 creatures vanquished.

Vanquished Creatures (others)
  An ogre (D:6)
  A giant spore (D:6)
  A jackal (D:6)
3 creatures vanquished.

Grand Total: 62 creatures vanquished

Notes
Turn   | Place    | Note
--------------------------------------------------------------
     0 | D:1      | 4tharraofdagon, the Djinni Gladiator, began the quest for the Orb.
     0 | D:1      | Reached XP level 1. HP: 15/15 MP: 0/0
   207 | D:1      | Reached skill level 3 in Axes
   241 | D:1      | Reached XP level 2. EP: 21/21
   354 | D:2      | Reached skill level 1 in Armour
   477 | D:2      | Reached XP level 3. EP: 21/27
   670 | D:5      | Entered Level 5 of the Dungeon
   701 | D:5      | Reached skill level 4 in Axes
   701 | D:5      | Reached XP level 4. EP: 16/34
   981 | D:4      | Reached XP level 5. EP: 29/40
  1319 | D:6      | Found Klaur's Food Emporium.
  1320 | D:6      | wojtek: hej
  1320 | D:6      | 4tharraofdagon: cze
  1332 | D:6      | Found Anaqiapur's Jewellery Boutique.
  1400 | D:6      | Found Yffoe's Gadget Shop.
  1420 | D:6      | Reached skill level 5 in Axes
  1439 | D:6      | Noticed an ogre
  1540 | D:5      | Reached XP level 6. EP: 22/47
  1703 | D:5      | Noticed Grum
  1739 | D:6      | Noticed an ogre
  1769 | D:6      | Noticed Ijyb
  1785 | D:6      | Killed Ijyb
  1802 | D:6      | Found Siopt's Jewellery Shoppe.
  1886 | D:6      | Noticed an ice beast
  1963 | D:6      | Noticed an ogre
  1964 | D:6      | Noticed Fv001's ghost (experienced FoFi)
  1966 | D:6      | Found Braoroha's Assorted Antiques.
  1966 | D:6      | Killed an ogre
  2015 | D:7      | Noticed Joseph
  2032 | D:6      | Slain by a goliath beetle

Action                   |  1- 3 |  4- 6 || total
-------------------------+-------+-------++-------
Melee: Hand axe          |   130 |   109 ||   239
       War axe           |       |    90 ||    90
Throw: Throwing net      |     6 |     7 ||    13
  Use: Potion            |     2 |     2 ||     4
       Scroll            |       |     8 ||     8
 Stab: Sleeping          |     2 |       ||     2
       Held in net/web   |     2 |     4 ||     6
